 Dungeon Crawl Stone Soup version 0.31-a0-700-gf13585253f (webtiles) character file.

Game seed: 16783492548643684898

182 qw the Shooter (level 5, -7/32 HPs)
             Began as a Gargoyle Hunter on Sept 7, 2023.
             Mangled by an orc
             ... wielding a +0 morningstar
              (8 damage)
             ... on level 3 of the Dungeon.
             The game lasted 00:00:59 (2808 turns).

qw the Shooter (Gargoyle Hunter)                    Turns: 2808, Time: 00:01:00

Health: -7/32      AC:  9    Str: 14    XL:     5   Next: 61%
Magic:  5/5        EV: 11    Int: 10    God:
Gold:   152        SH:  0    Dex: 15    Spells: 4/4 levels left

rFire   . . .        Y - +0 shortbow
rCold   . . .        (shield currently unavailable)
rNeg    + . .        b - +0 ring mail
rPois   inf          (no helmet)
rElec   +            (no cloak)
rCorr   .            (no gloves)
SInv    .            (no boots)
Will    .....        a - amulet of faith
Stlth   +            (no ring)
HPRegen 0.25/turn    (no ring)
MPRegen 0.09/turn

%: faith
@: no status effects
A: sickness immunity, AC +4, negative energy resistance 1, electricity
resistance, torment resistance 1, petrification resistance
a: no special abilities


You were on level 3 of the Dungeon.
You visited 1 branch of the dungeon, and saw 4 of its levels.

You collected 152 gold pieces.


Innate Abilities, Weirdness & Mutations

You are immune to sickness and miasma.
Your stone body is resilient. (AC +4)
You are immune to poison.
You resist negative energy. (rN+)
You are resistant to electric shocks. (rElec)
You are resistant to unholy torment.
You are immune to petrification.


   Skills:
 + Level 3.0 Fighting
 - Level 6.0 Ranged Weapons
 - Level 2.1 Armour
 - Level 1.5 Dodging
 - Level 1.1 Stealth


You had 4 spell levels left.
You didn't know any spells.
Your spell library was empty.

Inventory:

Hand Weapons
 Y - a +0 shortbow (weapon)
Armour
 b - a +0 ring mail (worn)
Jewellery
 a - an amulet of faith (around neck)
 j - an amulet of the acrobat
Scrolls
 d - a scroll of identify
Potions
 f - a potion of lignification {unknown}
 g - a potion of enlightenment {unknown}
 h - a potion of cancellation
 i - a potion of curing {unknown}

Dungeon Overview and Level Annotations

Branches:
Dungeon (4/15)
 Temple: D:4-7

Altars:

Annotations:
D:2 1 runed translucent door, Crazy Yiuf
D:3 2 transporters


Message History

The orc wizard is almost dead.
The orc wizard gestures at you while chanting.
You resist with some effort. The orc hits you with a +0 morningstar.
The orc closely misses you.
You shoot an arrow. The arrow barely misses the orc wizard.
The orc hits you with a +0 morningstar.
The orc wizard hits you but does no damage.
The orc hits you but does no damage.
You shoot an arrow.
The arrow completely misses the orc wizard.
The orc hits you with a +0 morningstar.
The orc wizard hits you but does no damage.
The orc barely misses you.
You shoot an arrow. The arrow hits the orc wizard.
You kill the orc wizard!
The orc completely misses you. The orc hits you with a +0 morningstar.
The orc barely misses you. The orc closely misses you.
Your Ranged Weapons skill increases to level 6!
You shoot an arrow. The arrow closely misses the orc.
The orc closely misses you. x2
You shoot an arrow. The arrow hits the orc!
You kill the orc!
The orc hits you but does no damage.
You shoot an arrow. The arrow hits the orc.
The orc is heavily wounded.
The orc closely misses you.
You shoot an arrow.
The arrow hits the orc but does no damage.
The orc is heavily wounded.
The orc hits you with a +0 morningstar.
You shoot an arrow.
The arrow hits the orc but does no damage.
The orc is heavily wounded.
The orc hits you with a +0 morningstar! The orc barely misses you.
You shoot an arrow. The arrow hits the orc.
The orc is severely wounded.
The orc hits you with a +0 morningstar.
You shoot an arrow. The arrow closely misses the orc.
The orc hits you with a +0 morningstar!
You die...

# #....###..# #.###.########.# #
#....# ##.# #.# #.# #......# #
####.# #.## #.# #.###.###..## ###
#.# #..## #.# #.....# #....
..####.#####..# #.###########.##.
.......##.....###.............##.
...######....).#..##############.
.....# #....#.)o##### #####.
..##.####....###@)...# #.....
..##...##....#######.# #.####
##.....##........###'## #.#
#.....###'####.###...# #.#
#...#...#.#..#.###...# #.#
###.+...'.#..#.#.'...# #.#
###...###..#.#.#...# #.# #...#
#..#.#.#...# #.# #...#
#..#.#.#...# #.#


You could see an orc.

Vanquished Creatures
  3 hounds (D:4)
  An orc wizard (D:3)
  2 adders
  3 orcs (D:3)
  3 bats
  5 endoplasms
  2 giant cockroaches
  4 goblins
  6 hobgoblins
  3 quokkas
  5 ball pythons
  2 frilled lizards
  6 kobolds
  5 rats
50 creatures vanquished.

Notes
Turn   | Place    | Note
-------+----------+-------------------------------------------
     0 | D:1      | qw the Gargoyle Hunter began the quest for the Orb.
     0 | D:1      | Reached XP level 1. HP: 12/12 MP: 1/1
     0 | D:1      | 0 ||| qw: Version: 0.3-a-76-g4403597
     0 | D:1      | 0 ||| qw: Game counter: 702
     0 | D:1      | 0 ||| qw: Melee chars always use a shield: true
     0 | D:1      | 0 ||| qw: God list: Okawaru
     0 | D:1      | 0 ||| qw: Allow faded altars: false
     0 | D:1      | 0 ||| qw: Do Orc after clearing Dungeon:15 true
     0 | D:1      | 0 ||| qw: Do second Lair branch before Depths: true
     0 | D:1      | 0 ||| qw: Lair rune preference: random
     0 | D:1      | 0 ||| qw: Goals: Normal
     0 | D:1      | 0 ||| PLANNING D:1-11
   166 | D:1      | Reached XP level 2. HP: 17/17 MP: 2/2
   525 | D:1      | Found a faded altar of an unknown god.
   675 | D:1      | 675 ||| READING scroll labelled XUPYTSA NAHE MIU.
   676 | D:1      | 676 ||| READING scroll labelled JOM JUWEGRANI.
   677 | D:1      | 677 ||| DROPPING scroll of butterflies.
   740 | D:2      | Found a runed translucent door.
   741 | D:2      | Noticed Crazy Yiuf
   906 | D:2      | Reached XP level 3. HP: 21/21 MP: 3/3
  1175 | D:2      | Reached skill level 5 in Ranged Weapons
  1380 | D:2      | 1380 ||| UPGRADING to amulet of the acrobat.
  1385 | D:2      | 1385 ||| READING scroll labelled ATUNECUETI.
  1486 | D:2      | 1486 ||| READING scroll labelled KUOSTR XEBO.
  1487 | D:2      | 1487 ||| READING scroll labelled ACOLIMEDUI.
  1507 | D:2      | 1507 ||| DRINKING 2 clear potions.
  1508 | D:2      | 1508 ||| READING 2 scrolls of identify.
  1508 | D:2      | 1508 ||| IDENTIFYING smoky golden potion
  1509 | D:2      | 1509 ||| DROPPING potion of ambrosia.
  1603 | D:2      | 1603 ||| UPGRADING to amulet of faith.
  1874 | D:3      | Found a transporter.
  1894 | D:3      | Found a transporter.
  2025 | D:3      | Identified the +8 dagger of the Shoals {holy, rN+ Str+3}
  2244 | D:3      | 2244 ||| UPGRADING to +0 ring mail.
  2254 | D:3      | 2254 ||| DROPPING +0 leather armour.
  2255 | D:3      | 2255 ||| READING scroll labelled KAOHYO CEGUZAY.
  2256 | D:3      | 2256 ||| READING 2 scrolls of identify.
  2256 | D:3      | 2256 ||| IDENTIFYING smoky emerald potion
  2257 | D:3      | 2257 ||| DROPPING potion of invisibility.
  2323 | D:4      | Reached XP level 4. HP: 23/27 MP: 4/4
  2399 | D:4      | Reached skill level 3 in Fighting
  2525 | D:4      | Reached XP level 5. HP: 27/32 MP: 5/5
  2589 | D:4      | 2589 ||| FLEEEEING.
  2591 | D:4      | 2591 ||| STAIRDANCE
  2619 | D:3      | 2619 ||| READING scroll labelled ELIXTOGUZA.
  2620 | D:3      | 2620 ||| READING 2 scrolls of identify.
  2620 | D:3      | 2620 ||| IDENTIFYING purple potion
  2621 | D:3      | 2621 ||| DROPPING potion of degeneration.
  2625 | D:4      | 2625 ||| STAIRDANCE
  2663 | D:4      | 2663 ||| STAIRDANCE
  2672 | D:4      | 2672 ||| STAIRDANCE
  2737 | D:4      | 2737 ||| STAIRDANCE
  2795 | D:4      | 2795 ||| STAIRDANCE
  2802 | D:3      | Reached skill level 6 in Ranged Weapons
  2806 | D:3      | HP: 5/32 [orc/+0 morningstar (8)]
  2807 | D:3      | HP: 1/32 [orc/+0 morningstar (4)]
  2808 | D:3      | Mangled by an orc

Levels and vault maps discovered:
D:1:      dpeg_arrival_tiny_g, layout_loops_ring,
          shapermc_ecumenical_altar_pompeii, chequers_serial_rivers_large_a,
          minmay_misc_feat_encased
D:2:      layout_loops_cross, uniq_crazy_yiuf_cottage
D:3:      gammafunk_wand_slinger, layout_basic
D:4:      layout_loops_ring, dreamdust_mushroom_princess

Skill      XL: |  1  2  3  4  5 |
---------------+----------------+-----
Ranged Weapons | 5 6 |  6.0
Armour         | 2 |  2.1
Fighting       | 3 |  3.0
Dodging        | |  1.5
Stealth        | |  1.1

Action                     |  1- 3 |  4- 6 || total
---------------------------+-------+-------++-------
   Fire: Shortbow          |   147 |    58 ||   205
    Use: Scroll            |     8 |     2 ||    10
         Potion            |     1 |       ||     1
 Armour: Leather armour    |    23 |       ||    23
         Ring mail         |    14 |    50 ||    64
  Dodge: Dodged            |    49 |    38 ||    87

Table legend:
 A = Non-vault XP
 B = Vault XP
 C = Vault XP percentage of total XP
 D = Non-vault monster count
 E = Vault monster count
 F = Vault count percentage of total count
                 A         B        C        D         E       F
            +---------+---------+-------+---------+---------+-------
      Total |     260 |       0 |   0.0 |      50 |       0 |   0.0
            +---------+---------+-------+---------+---------+-------
        D:1 |      27 |       0 |   0.0 |      18 |       0 |   0.0
        D:2 |      14 |       0 |   0.0 |      10 |       0 |   0.0
        D:3 |      67 |       0 |   0.0 |      12 |       0 |   0.0
        D:4 |     152 |       0 |   0.0 |      10 |       0 |   0.0
            +---------+---------+-------+---------+---------+-------
